 Seeded DCSS version 0.29-a0-359-g541a27f54d (webtiles) character file.

Game seed: 9333529537487618972 (custom seed)

2 klau3 the Skirmisher (level 1, 19/19 HPs)
             Began as a Draconian Berserker on Apr 27, 2022.
             Was a Follower of Trog.
             Quit the game on level 1 of the Dungeon.
             The game lasted 00:00:36 (91 turns).

klau3 the Skirmisher (Draconian Berserker)            Turns: 91, Time: 00:00:37

Health: 19/19      AC:  4    Str: 19    XL:     1   Next: 25%
Magic:  1/1        EV: 12    Int:  7    God:    Trog [*.....]
Gold:   0          SH:  0    Dex: 10    Spells: 0/0 levels left

rFire   . . .      SeeInvis .   a - +0 hand axe
rCold   . . .      Faith    .   (no shield)
rNeg    . . .      Spirit   .   (body armour unavailable)
rPois   .          Reflect  .   (helmet restricted)
rElec   .          Harm     .   (no cloak)
rCorr   .          Rampage  .   (no gloves)
Will    .....                   (no boots)
Stlth   +.........              (no amulet)
HPRegen 0.06/turn               (no ring)
MPRegen 0.07/turn               (no ring)

@: no status effects
A: AC +4, unfitting armour, cold-blooded
a: Renounce Religion, Berserk


You were on level 1 of the Dungeon.
You worshipped Trog.
Trog was aware of your devotion.
You visited 1 branch of the dungeon, and saw 1 of its levels.

Inventory:

Hand Weapons
 a - a +0 hand axe (weapon)
Missiles
 e - 18 stones (quivered)
Armour
 f - a +0 ring mail
Potions
 b - a potion of haste {unknown}
 c - 2 potions of attraction {unknown}
 d - a potion of magic {unknown}
 g - a potion of invisibility {unknown}


   Skills:
 + Level 3.3 Fighting
 + Level 3.0 Axes
 + Level 2.7 Dodging


You couldn't memorise any spells.
You didn't know any spells.
Your spell library was empty.

Dungeon Overview and Level Annotations

Branches:
Dungeon (1/15)

Altars:


Innate Abilities, Weirdness & Mutations

Your plain brown scales are hard. (AC +4)
You cannot fit into any form of body armour.
You are cold-blooded and may be slowed by cold attacks.


Message History

Welcome, klau3 the Draconian Berserker.
Game seed: 9333529537487618972 (custom seed) Trog says: Kill them all!
Press ? for a list of commands and other information.
Found 2 yellow potions, a white potion and a bubbling red potion.
Found a staircase leading out of the dungeon.
b - a white potion
c - 2 yellow potions
d - a bubbling red potion
Found 18 stones.
You see here 18 stones.
e - 18 stones A bat comes into view.
The bat barely misses you.
You hit the bat.
You kill the bat!
Trog accepts your kill.
A kobold comes into view. It is wielding a +0 whip of venom.
Found a fizzy silvery potion.
The kobold shouts!
Found a ring mail.
The kobold barely misses you.
You closely miss the kobold. You tail-slap the kobold.
The kobold is moderately wounded.
The kobold barely misses you.
You hit the kobold.
You kill the kobold!
Trog accepts your kill.
You see here a +0 ring mail.
f - a +0 ring mail You can't wear that!
g - a fizzy silvery potion
Found a faded altar of an unknown god.
A frilled lizard comes into view.
Unknown command.
Unknown command.
Unknown command.
Are you sure you want to abandon this character and quit the game? (Confirm with "yes".)

### #.. #.# #.#
#####
######.####......
.........@......l
####.........#.
#....####....#
#####......##.####
#........#....#
#........#...##
#..............
#......).#......
#........####...


You could see a frilled lizard (asleep).

Vanquished Creatures
  A bat (D:1)
  A kobold (D:1)
2 creatures vanquished.

Notes
Turn   | Place    | Note
-------+----------+-------------------------------------------
     0 | D:1      | klau3 the Draconian Berserker began the quest for the Orb.
     0 | D:1      | Reached XP level 1. HP: 19/19 MP: 1/1
    87 | D:1      | Found a faded altar of an unknown god.
    91 | D:1      | Quit the game

Illustrated notes

Levels and vault maps discovered:
D:1:      dpeg_arrival_three_same_balls, layout_basic, basic_ecumenical_altar

Action                   || total
-------------------------++-------
Melee: Hand axe          ||     3
       Tailslap          ||     1
Dodge: Dodged            ||     3

Table legend: (Time is in decaauts)
 A = Elapsed time spent in this place.
 B = Non-inter-level travel time spent in this place.
 C = Inter-level travel time spent in this place.
 D = Time resting spent in this place.
 E = Time spent auto-exploring this place.
 F = Levels seen in this place.
 G = Mean time per level.
                   A        B        C        D        E       F      G
               +--------+--------+--------+--------+--------+-----+--------+
         Total |     91 |     33 |     58 |      0 |     13 |   1 |   91.0 |
       Dungeon |     91 |     33 |     58 |      0 |     13 |   1 |   91.0 |
               +--------+--------+--------+--------+--------+-----+--------+

Top non-repeatable levels by time:
     D:1: 91 daAuts
